 Dungeon Crawl Stone Soup version 0.28-b1-1-g3c77fb2ed1 (webtiles) character file.

Game seed: 8698595333713894668

582 styxcanada the Covert (level 7, -17/35 HPs)
             Began as a Spriggan Brigand on Jan 31, 2022.
             Demolished by Menkaure (22 damage)
             ... on level 4 of the Dungeon.
             The game lasted 00:15:58 (5275 turns).

styxcanada the Covert (Spriggan Brigand)            Turns: 5275, Time: 00:15:59

Health: -17/35     AC:  4    Str:  7    XL:     7   Next: 14%
Magic:  8/8        EV: 17    Int: 13    God:
Gold:   159        SH:  8    Dex: 18    Spells: 6/6 levels left

rFire   . . .      SeeInvis +   f - +1 short sword (flame)
rCold   . . .      Faith    .   j - +2 buckler
rNeg    . . .      Spirit   .   b - +0 robe
rPois   .          Reflect  .   (helmet restricted)
rElec   .          Harm     .   c - +1 cloak
rCorr   .          Rampage  .   (gloves unavailable)
Will    +....                   (boots unavailable)
Stlth   ++++......              (no amulet)
HPRegen 0.11/turn               (no ring)
MPRegen 0.11/turn               (no ring)

@: very quick
A: very small, no large weapons, unfitting armour, see invisible, speed 3
a: no special abilities


You were on level 4 of the Dungeon.
You visited 1 branch of the dungeon, and saw 4 of its levels.

You collected 159 gold pieces.

Inventory:

Hand Weapons
 a - a +2 dagger
 f - a +1 short sword of flaming (weapon)
 k - a +0 hunting sling
 m - a +2 short sword of venom
Missiles
 d - 7 poisoned darts
 h - 95 stones (quivered)
 l - 78 sling bullets
 n - 2 curare-tipped darts
Armour
 b - a +0 robe (worn)
 c - a +1 cloak (worn)
 j - a +2 buckler (worn)
Scrolls
 g - 3 scrolls of identify
 i - a scroll of blinking
Potions
 e - a potion of mutation


   Skills:
 * Level 2.8 Fighting
 + Level 4.1 Short Blades
 + Level 2.7 Throwing
 * Level 3.6 Dodging
 * Level 9.0 Stealth
 * Level 2.0 Shields


You had 6 spell levels left.
You didn't know any spells.
Your spell library was empty.

Dungeon Overview and Level Annotations

Branches:
Dungeon (4/15)
 Temple: D:4-7

Altars:
Hepliaklqana

Annotations:
D:4 Menkaure


Innate Abilities, Weirdness & Mutations

You are very small and have problems with some larger weapons.
You are too small for most types of armour.
You have supernaturally acute eyesight. (SInv)
You cover ground extremely quickly. (Speed+++)


Message History

Menkaure is lightly damaged.
You block Menkaure's attack.
You hit Menkaure. You burn Menkaure.
Menkaure is moderately damaged.
You block Menkaure's attack.
You hit Menkaure but do no damage.
Menkaure is moderately damaged.
Menkaure barely misses you.
You barely miss Menkaure.
Menkaure is moderately damaged.
Menkaure barely misses you.
You barely miss Menkaure.
Menkaure is moderately damaged.
You hit Menkaure but do no damage.
Menkaure is moderately damaged.
You block Menkaure's attack.
You hit Menkaure. You burn Menkaure.
Menkaure is heavily damaged.
Menkaure casts a spell at you. Pain shoots through your body!
You hit Menkaure. You burn Menkaure.
Menkaure is severely damaged.
Menkaure misses you.
You hit Menkaure but do no damage.
Menkaure is severely damaged.
Menkaure calls on the powers of darkness!
Your body is wracked with pain!
* * * LOW HITPOINT WARNING * * *
You hit Menkaure. You burn Menkaure.
Menkaure is almost destroyed.
Menkaure calls on the powers of darkness!
Your body is wracked with pain!
* * * LOW HITPOINT WARNING * * *
You hit Menkaure. You burn Menkaure.
Menkaure is almost destroyed.
You closely miss Menkaure.
Menkaure is almost destroyed.
Menkaure hits you!!
Ouch! That really hurt!
You die...

.........#.## #........#
...........# ##.###.#.#
.........### #.###.#.##
........## #..##....#
........# ##.###[#.#
......#### #..##.#.#
....)....##########.##.#.##
.....###.......<###..#.#..##
..........#####.@M.........#
..#...#................##..#
...........#...#######[# ..#
...#......####..†g)M)..#
.... ...........#
########..# .##.#
..#........# ##..... .#
..#........# #...... #
..#........# #..####
...........# ...#


You could see Menkaure.

Vanquished Creatures
  Edmund (D:4)
  A water moccasin (D:3)
  A black bear (D:4)
  A necrophage (D:3)
  4 gnolls (D:4)
  11 adders
  An ufetubus (D:4)
  2 worms
  2 dart slugs
  5 orcs (D:4)
  8 bats
  10 endoplasms
  2 giant cockroaches
  8 goblins
  2 hobgoblins (D:2)
  4 jackals (D:1)
  7 kobolds
  A quokka (D:2)
  4 ball pythons
  2 frilled lizards (D:1)
  5 rats
82 creatures vanquished.

Notes
Turn   | Place    | Note
-------+----------+-------------------------------------------
     0 | D:1      | styxcanada the Spriggan Brigand began the quest for the
                  | Orb.
     0 | D:1      | Reached XP level 1. HP: 10/10 MP: 2/2
    49 | D:1      | Reached skill level 6 in Stealth
   154 | D:1      | Reached XP level 2. HP: 8/14 MP: 3/3
   938 | D:2      | Reached XP level 3. HP: 11/18 MP: 4/4
   943 | D:2      | Reached skill level 7 in Stealth
  1685 | D:2      | Reached XP level 4. HP: 7/23 MP: 5/5
  1988 | D:2      | Found a hazy altar of Hepliaklqana.
  2357 | D:3      | Noticed a water moccasin
  2405 | D:3      | Killed a water moccasin
  2406 | D:3      | Reached skill level 8 in Stealth
  2406 | D:3      | Reached XP level 5. HP: 14/26 MP: 6/6
  2697 | D:3      | Reached skill level 1 in Shields
  3070 | D:4      | Noticed Edmund
  3075 | D:4      | Reached XP level 6. HP: 32/32 MP: 7/7
  3103 | D:4      | Noticed Menkaure
  3149 | D:4      | Killed Edmund
  3630 | D:4      | Reached skill level 9 in Stealth
  3630 | D:4      | Reached XP level 7. HP: 33/35 MP: 8/8
  5275 | D:4      | Demolished by Menkaure

Illustrated notes

Levels and vault maps discovered:
D:1:      saegor_arrival_simple_e, layout_basic
D:2:      layout_rooms, basic_altar
D:3:      layout_rooms
D:4:      layout_rooms, uniq_menkaure, uniq_edmund

Skill      XL: |  1  2  3  4  5  6  7 |
---------------+----------------------+-----
Stealth        | 6 7 8 9 |  9.0
Fighting       | 2 |  2.8
Short Blades   | 3 4 |  4.1
Dodging        | 2 3 |  3.6
Shields        | 1 2 |  2.0
Throwing       | |  2.7

Action                   |  1- 3 |  4- 6 |  7- 9 || total
-------------------------+-------+-------+-------++-------
Melee: Short sword       |   109 |   111 |    72 ||   292
Throw: Dart              |     7 |    21 |       ||    28
       Stone             |       |     3 |       ||     3
  Use: Scroll            |       |     4 |     3 ||     7
       Potion            |       |     1 |     1 ||     2
 Stab: Sleeping          |    10 |     5 |       ||    15
Armor: Robe              |    15 |    14 |     2 ||    31
Dodge: Dodged            |    61 |    65 |    31 ||   157
Block: Buckler           |    19 |    40 |    33 ||    92
